 Dungeon Crawl Stone Soup version 0.26-a0-958-gf3041fb45f (webtiles) character file.

Game seed: 13962774299452140501

60 PentaManta the Sneak (level 3, -2/18 HPs)
             Began as a Spriggan Brigand on Nov 30, 2020.
             Slain by a worm (7 damage)
             ... on level 2 of the Dungeon.
             The game lasted 00:03:49 (1787 turns).

PentaManta the Sneak (Spriggan Brigand)             Turns: 1787, Time: 00:03:50

Health: -2/18      AC:  4    Str:  7    XL:     3   Next: 82%
Magic:  4/4        EV: 18    Int: 12    God:
Gold:   193        SH:  0    Dex: 18    Spells: 2/2 levels left

rFire    . . .     SeeInvis +   a - +2 dagger
rCold    . . .     Faith    .   (shield restricted)
rNeg     . . .     Spirit   .   b - +0 robe
rPois    +         Reflect  .   (helmet restricted)
rElec    .         Harm     .   c - +1 cloak
rCorr    .         Rampage  .   (gloves unavailable)
MR       .....                  (boots unavailable)
Stlth    ++++......             (no amulet)
HPRegen  0.06/turn              k - ring of poison resistance
MPRegen  0.09/turn              (no ring)

@: very quick
A: very small, unfitting armour, see invisible, speed 3
a: no special abilities


You were on level 2 of the Dungeon.
You visited 1 branch of the dungeon, and saw 3 of its levels.

You collected 193 gold pieces.

Inventory:

Hand Weapons
 a - a +2 dagger (weapon)
Missiles
 d - 17 poisoned darts (quivered)
 e - 2 curare-tipped darts
Armour
 b - a +0 robe (worn)
 c - a +1 cloak (worn)
Jewellery
 k - a ring of poison resistance (left hand)
Scrolls
 i - a scroll of remove curse
Potions
 f - a potion of curing
 g - a potion of invisibility {unknown}
 h - a potion of brilliance {unknown}
 j - a potion of heal wounds {unknown}


   Skills:
 - Level 1.5 Fighting
 * Level 3.6 Short Blades
 - Level 2.0 Throwing
 + Level 2.9 Dodging
 + Level 6.5 Stealth


You had 2 spell levels left.
You didn't know any spells.
Your spell library was empty.

Dungeon Overview and Level Annotations

Branches:
Dungeon (3/15)

Altars:


Innate Abilities, Weirdness & Mutations

You are very small and have problems with some larger weapons.
You are too small for most types of armour.
You have supernaturally acute eyesight. (SInv)
You cover ground extremely quickly.


Message History

There are monsters nearby!
There are monsters nearby!
You hit the worm but do no damage.
There are monsters nearby!
There are monsters nearby!
There are monsters nearby!
There are monsters nearby!
The rat misses you. The worm misses you. The rat misses you.
The rat misses you. The worm misses you. The rat closely misses you.
The worm misses you. The iguana closely misses you. The rat misses you.
The iguana closely misses you. The rat completely misses you.
The worm bites you. The rat closely misses you. The iguana bites you.
* * * LOW HITPOINT WARNING * * *
The rat misses you. The rat misses you. The iguana closely misses you.
The rat closely misses you. The worm bites you!
You die...

....###).........##
....#.......##...#
#......######..###
##....###......#######
##..(....)!.........#
##.................#
#........(...g.)..#
#...........rwl...#
.........?.r@....#
.#............####
###..####....# ##(
......# # ..#..#..
#.##.####. ... .. .#
.# #.. #


You could see a worm, an iguana, a hobgoblin and 2 rats.

Vanquished Creatures
  2 adders (D:2)
  2 worms (D:2)
  A dart slug (D:1)
  3 leopard geckos
  A ball python (D:2)
  A giant cockroach (D:1)
  2 goblins
  5 hobgoblins
  7 bats
  5 frilled lizards (D:1)
  A kobold (D:1)
  4 rats (D:1)
34 creatures vanquished.

Notes
Turn   | Place    | Note
-------+----------+-------------------------------------------
     0 | D:1      | PentaManta the Spriggan Brigand began the quest for the
                  | Orb.
     0 | D:1      | Reached XP level 1. HP: 10/10 MP: 2/2
   100 | D:1      | Reached skill level 6 in Stealth
   276 | D:1      | Reached XP level 2. HP: 14/14 MP: 3/3
  1048 | D:2      | Reached XP level 3. HP: 18/18 MP: 4/4
  1425 | D:2      | You fall into a shaft and drop 1 floor!
  1787 | D:2      | Slain by a worm

Illustrated notes

Levels and vault maps discovered:
D:1:      sevenhm_arrival_forest_fort_large_4, layout_basic
D:2:      layout_rooms, tgw_xom
D:3:      layout_basic

Skill      XL: |  1  2 |
---------------+-------+-----
Stealth        | 6 |  6.5
Dodging        | 2 |  2.9
Short Blades   | 3 |  3.6
Fighting       | |  1.5
Throwing       | |  2.0

Action                   || total
-------------------------++-------
Melee: Dagger            ||   163
Throw: Dart              ||     3
  Use: Scroll            ||     4
       Potion            ||     1
 Stab: Sleeping          ||     9
Armor: Robe              ||    21
Dodge: Dodged            ||   132

Table legend: (Time is in decaauts)
 A = Elapsed time spent in this place.
 B = Non-inter-level travel time spent in this place.
 C = Inter-level travel time spent in this place.
 D = Time resting spent in this place.
 E = Time spent auto-exploring this place.
 F = Levels seen in this place.
 G = Mean time per level.
                   A        B        C        D        E       F      G
               +--------+--------+--------+--------+--------+-----+--------+
         Total |   1407 |   1403 |      4 |    263 |    799 |   3 |  469.0 |
       Dungeon |   1407 |   1403 |      4 |    263 |    799 |   3 |  469.0 |
               +--------+--------+--------+--------+--------+-----+--------+

Top non-repeatable levels by time:
     D:1: 798 daAuts
     D:2: 504 daAuts
     D:3: 105 daAuts
